 Dungeon Crawl Stone Soup version 0.23.1 (webtiles) character file.

Game seed: 18169687070366371440

94 Irenicus the Digger (level 4, 0/36 HPs)
             Began as a Deep Dwarf Earth Elementalist on Mar 19, 2019.
             Slain by a gnoll
             ... wielding a +0 flail
              (7 damage)
             ... on level 2 of the Dungeon.
             The game lasted 00:05:35 (865 turns).

Irenicus the Digger (Deep Dwarf Earth Elementalist)  Turns: 865, Time: 00:05:36

Health: 0/36       AC:  4    Str: 12    XL:     4   Next: 38%
Magic:  3/6        EV: 12    Int: 16    God:
Gold:   135        SH:  0    Dex: 13    Spells: 1/7 levels left

rFire    . . .     SeeInvis .   f - +0 whip
rCold    . . .     Gourm    .   (no shield)
rNeg     . . .     Faith    .   a - +0 leather armour
rPois    .         Spirit   .   b - +0 helmet
rElec    .         Reflect  .   (no cloak)
rCorr    .         Harm     .   (no gloves)
MR       .....                  (no boots)
Stlth    ++........             (no amulet)
HPRegen  0.00/turn              (no ring)
MPRegen  0.10/turn              (no ring)

@: non-regenerating
A: damage resistance, heal wounds, sense surroundings 1, no regeneration
a: Heal Wounds


You were on level 2 of the Dungeon.
You were not hungry.

You visited 1 branch of the dungeon, and saw 2 of its levels.

You collected 135 gold pieces.

Inventory:

Hand Weapons
 f - a +0 whip (weapon)
   (You took it off a kobold on level 1 of the Dungeon)
Missiles
 c - 46 stones (quivered)
Armour
 a - a +0 leather armour (worn)
   (You found it on level 1 of the Dungeon)
 b - a +0 helmet (worn)
   (You found it on level 2 of the Dungeon)
Scrolls
 e - a scroll of identify {unknown}
 g - a scroll of immolation {unknown}
 h - a scroll of random uselessness {unknown}
 i - a scroll of remove curse
 j - a scroll of amnesia {unknown}
Comestibles
 d - 4 rations


   Skills:
 - Level 2.1 Dodging
 - Level 2.4 Stealth
 - Level 2.1 Spellcasting
 - Level 0.8 Transmutations
 + Level 6.7 Earth Magic


You had one spell level left.
You knew the following spells:

 Your Spells              Type           Power        Failure   Level  Hunger
a - Sandblast             Erth           ###...       1%          1    #......
w - Passwall              Tmut/Erth      ##......     9%          2    ###....
x - Stone Arrow           Conj/Erth      ##....       21%         3    ###....

Your spell library contained the following spells:

 Spells                   Type           Power        Failure   Level  Hunger
 Lee's Rapid Deconstruct  Erth           ###.......   41%         5    ######.
 Petrify                  Tmut/Erth      ##......     50%         4    #####..


Dungeon Overview and Level Annotations

Branches:
Dungeon (2/15)

Altars:


Innate Abilities, Weirdness & Mutations

You are resistant to damage.
You can heal yourself by infusing magical energy.
You passively map a small area around you.
You do not regenerate.


Message History

a +0 club; a chunk of flesh {@w0}; a goblin skeleton Eating a chunk of flesh {@w0}.
You eat the chunk of flesh {@w0}.
You see here a dagger.
g - a scroll labeled INEBRI XUOLOI The floor.
Okay, then.
You see here a hobgoblin corpse.
Found a stone staircase leading up.
You now have 118 gold pieces (gained 9).
A scroll labeled XITHRU POULLUGAZU.
The floor.
You now have 135 gold pieces (gained 17).
i - a scroll of remove curse
j - a scroll labeled XITHRU POULLUGAZU
Found a stone staircase leading down.
A gnoll comes into view. It is wielding a +0 halberd.
Aim: a gnoll, wielding a +0 halberd (resting)
The blast of sand hits the gnoll!
The gnoll shouts!
c - 54 stones You hear a shout! x2
You now have 5/7 mp.
Aim: a gnoll, wielding a +0 halberd (heavily wounded)
The blast of sand misses the gnoll.
c - 53 stones The gnoll closely misses you.
You now have 4/7 mp.
Aim: a gnoll, wielding a +0 halberd (heavily wounded)
The blast of sand misses the gnoll.
c - 52 stones A gnoll comes into view.
The gnoll hits you from afar with a +0 halberd!
* * * LOW HITPOINT WARNING * * *
The gnoll shouts!
You take 14 damage, and have 6/36 hp.
MASSIVE DAMAGE!!
You now have 3/7 mp.
Aim: a gnoll, wielding a +0 halberd (heavily wounded)
The blast of sand hits the gnoll.
c - 51 stones You now have 2/7 mp.
Aim: a gnoll, wielding a +0 halberd (severely wounded)
The blast of sand misses the gnoll.
The blast of sand hits the gnoll.
You kill the gnoll!
c - 50 stones A worm comes into view.
You now have 1/7 mp.
Aim: a gnoll The blast of sand hits the gnoll!
c - 49 stones You now have 0/7 mp.
You don't have enough magic to cast that spell.
Unknown command.
Aim: a gnoll (severely wounded)
The blast of sand misses the gnoll.
c - 48 stones The gnoll misses you.
You now have 0/7 mp.
The gnoll completely misses you.
Aim: a gnoll (severely wounded)
The blast of sand hits the gnoll but does no damage.
c - 47 stones The gnoll closely misses you.
You now have 0/7 mp.
You aren't carrying any potions.
You aren't carrying any items that you can evoke.
Unknown command.
Aim: a gnoll (severely wounded)
The blast of sand misses the gnoll.
c - 46 stones You now have 0/7 mp.
You hit the gnoll. The gnoll hits you.
Your magical essence is drained by the effort!
You feel much better. The gnoll closely misses you.
You regained 25 hp, and now have 31/36 hp.
You hit the gnoll. The gnoll hits you but does no damage.
You closely miss the gnoll. The gnoll misses you.
You hit the gnoll.
You kill the gnoll!
You barely miss the worm. You hit the worm. The worm completely misses you.
You barely miss the worm. The worm barely misses you.
You hit the worm. You barely miss the worm. The worm bites you!
You take 9 damage, and have 22/36 hp.
MASSIVE DAMAGE!!
You barely miss the worm. The worm bites you!
You take 9 damage, and have 13/36 hp.
MASSIVE DAMAGE!!
You barely miss the worm. You barely miss the worm.
The worm bites you but does no damage.
You hit the worm. The worm bites you.
* * * LOW HITPOINT WARNING * * *
You take 4 damage, and have 9/36 hp.
You hit the worm. You hit the worm. The worm bites you.
* * * LOW HITPOINT WARNING * * *
You take 2 damage, and have 7/36 hp.
You hit the worm.
You kill the worm!
A gnoll comes into view. It is wielding a +0 flail.
The gnoll shouts!
The gnoll hits you with a +0 flail!
You die...

#......††# #...........###
#...†)...# #...........#
#........# #...........#
#........####.....#####.#
#...........#.....# #.#
#####.......#.....## #.#
#.......#......# #.#
#######.......##.....####.#####
................@g...........>#
.######.......##....###.#.###.#,*
.# #.......##.....#.....##.# .#
#.......##...[.########w# .#
##########.....# ,..) .# #.....#,
#.#, .# #....... #.. .# ########
### * .#


You could see a gnoll.

Vanquished Creatures
  2 gnolls (D:2)
  An adder (D:2)
  2 worms (D:2)
  5 dart slugs
  A leopard gecko (D:1)
  6 bats
  2 giant cockroaches (D:1)
  9 hobgoblins
  7 kobolds
  4 frilled lizards
  5 goblins
  3 rats
47 creatures vanquished.

Notes
Turn   | Place    | Note
-------+----------+-------------------------------------------
     0 | D:1      | Irenicus the Deep Dwarf Earth Elementalist began the quest
                  | for the Orb.
     0 | D:1      | Reached XP level 1. HP: 15/15 MP: 3/3
    81 | D:1      | Reached skill level 2 in Spellcasting
   144 | D:1      | Reached XP level 2. HP: 17/22 MP: 0/5
   156 | D:1      | HP: 3/22 [hobgoblin/cursed -1 club (3)]
   218 | D:1      | Reached skill level 5 in Earth Magic
   294 | D:1      | Reached XP level 3. HP: 26/28 MP: 1/6
   594 | D:2      | Reached skill level 6 in Earth Magic
   613 | D:2      | Learned a level 2 spell: Passwall
   617 | D:2      | Learned a level 3 spell: Stone Arrow
   751 | D:2      | Reached XP level 4. HP: 20/36 MP: 1/7
   809 | D:2      | HP: 6/36 [gnoll/+0 halberd (14)]
   856 | D:2      | HP: 9/36 [worm (4)]
   865 | D:2      | Slain by a gnoll

Skill      XL: |  1  2  3 |
---------------+----------+-----
Spellcasting   | 2 |  2.1
Earth Magic    | 5 6 |  6.7
Dodging        | |  2.1
Stealth        | |  2.4
Transmutations | |  0.8

Action                   |  1- 3 |  4- 6 || total
-------------------------+-------+-------++-------
Melee: Whip              |    60 |    16 ||    76
 Cast: Sandblast         |    48 |    11 ||    59
       Passwall          |     1 |       ||     1
 Abil: Heal Wounds       |     1 |     1 ||     2
  Use: Scroll            |     3 |       ||     3
  Eat: Chunk             |       |     1 ||     1
Armor: Robe              |    19 |       ||    19
       Leather armour    |     5 |     2 ||     7
Dodge: Dodged            |    47 |     8 ||    55

Levels and vault maps discovered:
D:1:      wheals_arrival_shading, layout_rooms, minmay_tetromino_s4
D:2:      layout_basic

Table legend:
 A = Turns spent in this place as a percentage of turns spent in the entire game.
 B = Non-inter-level travel turns spent in this place as a percentage of non-inter-level travel turns spent in the entire game.
 C = Inter-level travel turns spent in this place as a percentage of turns spent in this place.
 D = Turns resting spent in this place as a percentage of non-inter-level travel turns spent in this place.
 E = Turns spent auto-exploring this place as a percentage of non-inter-level travel turns spent in this place.
 F = Non-inter-level travel turns spent in this place divided by the number of levels of this place that you've seen.
                   A       B       C       D       E      F
               +-------+-------+-------+-------+-------+----------------------
         Total | 100.0 | 100.0 |   0.0 |   0.0 |   0.0 | 432.5
       Dungeon | 100.0 | 100.0 |   0.0 |   0.0 |   0.0 | 432.5
               +-------+-------+-------+-------+-------+----------------------

Table legend:
 A = Kills in this place as a percentage of kills in entire the game.
 B = Kills by you in this place as a percentage of kills by you in the entire game.
 C = Kills by friends in this place as a percentage of kills by friends in the entire game.
 D = Other kills in this place as a percentage of other kills in the entire game.
 E = Experience gained in this place as a percentage of experience gained in the entire game.
 F = Experience gained in this place divided by the number of levels of this place that you have seen.
                   A       B       C       D       E      F
               +-------+-------+-------+-------+-------+----------------------
         Total | 100.0 | 100.0 |   N/A |   N/A | 100.0 |  67.5
       Dungeon | 100.0 | 100.0 |   N/A |   N/A | 100.0 |  67.5
               +-------+-------+-------+-------+-------+----------------------
